 Dungeon Crawl Stone Soup version 0.22-a0-409-gb855193 (webtiles) character file.

3729 dstrtnsr the Cleaver (level 9, -5/85 HPs)
             Began as a Deep Elf Berserker on May 10, 2018.
             Was an Elder of Trog.
             Killed from afar by an orc wizard (8 damage)
             ... with a puff of frost
             ... on level 7 of the Dungeon.
             The game lasted 00:06:35 (6871 turns).

dstrtnsr the Cleaver (Deep Elf Berserker)           Turns: 6871, Time: 00:06:36

Health: -5/85      AC: 14    Str: 22    XL:     9   Next: 92%
Magic:  11/11      EV:  9    Int: 13    God:    Trog [****..]
Gold:   288        SH:  0    Dex: 14    Spells: 8/8 levels left

rFire    . . .     SeeInvis .   b - +2 hand axe (chop)
rCold    . . .     Gourm    .   (no shield)
rNeg     . . .     Faith    .   s - +0 chain mail
rPois    .         Spirit   .   f - +2 hat
rElec    .         Reflect  .   l - +0 cloak
rCorr    .         Harm     .   (no gloves)
MR       .....                  h - +1 pair of boots
Stlth    ..........             r - amulet of regeneration
HPRegen  0.64/turn              y - +1 ring of protection
MPRegen  0.12/turn              (no ring)

@: berserking (expiring), very quick
A: no striking features
a: Berserk, Trog's Hand, Brothers in Arms, Renounce Religion


You were on level 7 of the Dungeon.
You worshipped Trog.
Trog was greatly pleased with you.
You were hungry.

You visited 1 branch of the dungeon, and saw 7 of its levels.

You collected 288 gold pieces.

Inventory:

Hand Weapons
 a - a +0 hand axe
 b - a +2 hand axe of chopping (weapon)
 o - a +0 war axe
Armour
 f - a +2 hat (worn)
 g - a +0 helmet
 h - a +1 pair of boots (worn)
 l - a +0 cloak (worn)
 s - a +0 chain mail (worn)
Jewellery
 r - an amulet of regeneration (around neck)
 y - a +1 ring of protection (left hand)
Wands
 C - a wand of acid (5)
Scrolls
 c - a scroll of blinking
 d - 2 scrolls of fear
 i - a scroll of teleportation {!d}
 p - 3 scrolls of magic mapping
 t - 2 scrolls of immolation {unknown}
 u - 3 scrolls of remove curse {@r2}
 w - 2 scrolls of fog
 z - 2 scrolls of vulnerability
Potions
 k - a potion of flight
 n - 3 potions of mutation
 v - a potion of brilliance
Comestibles
 e - 13 rations {!d}
 j - 4 chunks of flesh


   Skills:
 + Level 7.3 Fighting
 * Level 10.1 Axes
 - Level 1.5 Armour
 - Level 2.4 Dodging


You had 8 spell levels left.
You didn't know any spells.

Dungeon Overview and Level Annotations

Branches:
Dungeon (7/15)             Temple (0/1) D:6

Altars:
Elyvilon
Nemelex Xobeh
Qazlal
Ru
Uskayaw
Xom
Zin
The Shining One


Message History

The hippogriff pecks you. The hippogriff barely misses you.
You slash the hippogriff!
The hippogriff is almost dead.
The hippogriff closely misses you.
The hippogriff pecks you but does no damage.
The hippogriff claws you.
You hit the hippogriff.
You kill the hippogriff!
Trog accepts your kill.
No target in view!
No target in view!
You butcher the hippogriff corpse.
j - 4 chunks of flesh You see here an arrow.
Key pressed, stopping explore.
Found a trident.
You open the door.
There is an open door here.
A steam dragon comes into view.
A steam dragon is nearby!
A steam dragon is nearby!
A steam dragon is nearby!
A steam dragon is nearby!
The steam dragon breathes steam at you. The ball of steam hits you!
You hear a shout! x6
You hit the steam dragon but do no damage.
You are engulfed in a cloud of scalding steam.
The steam dragon bites you but does no damage.
The steam dragon claws you.
You barely miss the steam dragon.
You hit the steam dragon but do no damage.
The steam dragon barely misses you. The steam dragon completely misses you.
You hit the steam dragon.
The steam dragon is lightly wounded.
The steam dragon bites you. The steam dragon claws you.
An orc comes into view. It is wielding a whip.
You barely miss the steam dragon.
The steam dragon is lightly wounded.
The steam dragon breathes steam at you. The ball of steam hits you!
* * * LOW HITPOINT WARNING * * *
You hear a shout!
An orc wizard comes into view. It is wielding a dagger.
You are too injured to fight recklessly!
You are too injured to fight recklessly!
You are too injured to fight recklessly!
A red film seems to cover your vision as you go berserk!
You feel yourself moving faster!
You feel mighty!
You are feeling hungry.
You are engulfed in a cloud of scalding steam.
The orc wizard casts a cantrip, but nothing happens.
The steam dragon breathes steam at you. The ball of steam hits you!
* * * LOW HITPOINT WARNING * * *
You feel a strong urge to attack something.
You are too injured to fight recklessly!
You are too injured to fight recklessly!
You are too injured to fight recklessly!
You closely miss the steam dragon.
The steam dragon is lightly wounded.
The steam dragon bites you but does no damage.
The steam dragon claws you but does no damage.
An orc comes into view. It is wielding a mace.
You hit the steam dragon.
The steam dragon is moderately wounded.
You hit the steam dragon.
The steam dragon is heavily wounded.
The steam dragon barely misses you. The steam dragon claws you.
* * * LOW HITPOINT WARNING * * *
You barely miss the steam dragon.
The steam dragon is heavily wounded.
You closely miss the steam dragon.
The steam dragon is heavily wounded.
The orc wizard gestures wildly while chanting.
The orc wizard seems to speed up.
The steam dragon bites you but does no damage.
The steam dragon claws you but does no damage.
You closely miss the steam dragon.
The steam dragon is heavily wounded.
The orc wizard looks satisfied for a moment.
An orc priest comes into view. It is wielding a hand axe.
The orc priest shouts!
You slash the steam dragon!
The steam dragon is severely wounded.
You closely miss the orc.
The steam dragon bites you but does no damage.
The steam dragon claws you.
* * * LOW HITPOINT WARNING * * *
You closely miss the steam dragon.
The steam dragon is severely wounded.
You closely miss the orc. The orc completely misses you.
You slash the steam dragon!
You kill the steam dragon!
Trog accepts your kill.
The steam dragon scales are intact enough to wear.
You completely miss the orc. The orc wizard casts a spell at you.
The puff of frost hits you!
You die...

#......# #.###### .o. #.#
#'# #.######## ####o#
.......... ..#o######
#(######## #...#..... #)##
####.......
.))#########....[o.######
#..##...........@........
...##..............###...
....)..............#.#
....#................#
....+..........)...#...#
....#..............###.#..
#...#.....................
..................####.#...
####..............# ..


You could see an orc priest, an orc wizard and 2 orcs.

Vanquished Creatures
  A gargoyle (D:7)
  A hippogriff (D:7)
  Sigmund (D:3)
  A human (D:7)
  4 hogs (D:7)
  A hungry ghost (D:7)
  A steam dragon (D:7)
  A necrophage (D:7)
  4 orc warriors
  2 phantoms
  2 black bears
  3 centaurs
  An ogre (D:5)
  2 scorpions
  4 wights (D:7)
  2 crimson imps (D:5)
  A gnoll shaman (D:6)
  6 orc priests
  A hound (D:6)
  2 orc wizards
  2 iguanas
  3 worker ants
  A hound skeleton (D:7)
  2 hound zombies
  6 gnolls
  6 adders
  A shadow imp (D:5)
  An adder zombie (D:5)
  An ooze (D:3)
  An adder skeleton (D:4)
  A worm (D:3)
  3 dart slugs
  2 leopard geckos
  25 orcs
  9 bats
  3 giant cockroaches (D:1)
  5 hobgoblins
  4 jackals (D:6)
  3 quokkas
  A ball python (D:3)
  A ball python skeleton (D:4)
  5 goblins
  8 kobolds
  A quokka skeleton (D:6)
  9 rats
145 creatures vanquished.

Notes
Turn   | Place    | Note
-------+----------+-------------------------------------------
     0 | D:1      | dstrtnsr the Deep Elf Berserker began the quest for the Orb.
     0 | D:1      | Reached XP level 1. HP: 13/13 MP: 3/3
   140 | D:1      | Reached XP level 2. HP: 15/18 MP: 4/4
   402 | D:1      | Reached skill level 3 in Axes
   524 | D:1      | HP: 4/18 [hobgoblin/club (5)]
  1160 | D:2      | Reached XP level 3. HP: 22/22 MP: 5/5
  1927 | D:3      | Reached ** piety under Trog
  1962 | D:3      | Reached XP level 4. HP: 28/28 MP: 6/6
  2218 | D:3      | Noticed Sigmund
  2341 | D:3      | Killed Sigmund
  2341 | D:3      | Reached skill level 4 in Axes
  2341 | D:3      | Reached XP level 5. HP: 31/33 MP: 7/7
  2471 | D:3      | Reached XP level 6. HP: 38/38 MP: 8/8
  2711 | D:3      | Found a sparkling altar of Nemelex Xobeh.
  2884 | D:3      | HP: 15/38 [phantom (1)]
  2916 | D:3      | HP: 13/38 [phantom (4)]
  2947 | D:3      | HP: 15/38 [phantom (3)]
  2968 | D:3      | HP: 8/57 [phantom (7)]
  2970 | D:3      | Reached skill level 5 in Axes
  3609 | D:4      | Reached XP level 7. HP: 36/43 MP: 9/9
  3849 | D:4      | Reached *** piety under Trog
  3854 | D:4      | Found a sparkling altar of Nemelex Xobeh.
  4141 | D:5      | Entered Level 5 of the Dungeon
  4251 | D:5      | Reached skill level 6 in Axes
  4761 | D:5      | Found a glowing silver altar of Zin.
  4761 | D:5      | Found a white marble altar of Elyvilon.
  4762 | D:5      | Found a glowing golden altar of the Shining One.
  5212 | D:6      | Reached skill level 5 in Fighting
  5212 | D:6      | Reached XP level 8. HP: 49/49 MP: 10/10
  5270 | D:6      | Reached skill level 7 in Axes
  5291 | D:6      | Found a hide-covered altar of Uskayaw.
  5293 | D:6      | Found a shimmering altar of Xom.
  5355 | D:6      | Found a staircase to the Ecumenical Temple.
  5572 | D:6      | Found a stormy altar of Qazlal.
  5806 | D:6      | Found a sacrificial altar of Ru.
  6028 | D:7      | Received a gift from Trog
  6033 | D:7      | Reached skill level 8 in Axes
  6087 | D:7      | Noticed a gargoyle
  6094 | D:7      | Killed a gargoyle
  6094 | D:7      | Reached XP level 9. HP: 43/55 MP: 11/11
  6201 | D:7      | HP: 27/82 [orc warrior/flail (18)]
  6243 | D:7      | Reached skill level 9 in Axes
  6325 | D:7      | Reached **** piety under Trog
  6765 | D:7      | Reached skill level 10 in Axes
  6860 | D:7      | HP: 17/57 [steam dragon/ball of steam (8)]
  6861 | D:7      | HP: 3/85 [steam dragon/ball of steam (22)]
  6869 | D:7      | HP: 2/85 [steam dragon (1)]
  6871 | D:7      | Killed from afar by an orc wizard

Vault maps used:
D:1:      lightli_arrival_chessboard
D:3:      nemelex_dance_club_becter, uniq_sigmund
D:4:      first_ration, nemelex_xobeh_ov_fountains_minmay
D:5:      good_gods_mini_temple
D:6:      marbit_many_paths, nicolae_overflow_hidden_temple, temple_statues,
          grunt_qazlal_sundering
D:7:      grunt_livestock

Skill      XL: |  1  2  3  4  5  6  7  8  9 |
---------------+----------------------------+-----
Axes           | 3 4 5 6 8 10 | 10.1
Fighting       | 3 4 5 6 7 |  7.3
Armour         | |  1.5
Dodging        | |  2.4

Action                   |  1- 3 |  4- 6 |  7- 9 || total
-------------------------+-------+-------+-------++-------
Melee: Hand axe          |   116 |   125 |   331 ||   572
Invok: Berserk           |     5 |     6 |    13 ||    24
       Trog's Hand       |       |       |     1 ||     1
  Use: Scroll            |       |       |    15 ||    15
 Stab: Sleeping          |     2 |       |       ||     2
  Eat: Chunk             |     4 |     7 |    23 ||    34
       Ration            |     1 |     1 |     1 ||     3
Armor: Animal skin       |    38 |     1 |       ||    39
       Ring mail         |       |    36 |       ||    36
       Scale mail        |       |    12 |     6 ||    18
       Chain mail        |       |       |   171 ||   171
Dodge: Dodged            |   102 |    60 |   135 ||   297

Table legend:
 A = Spawn XP
 B = Non-spawn XP
 C = Spawn XP percentage of total XP
 D = Spawn monster count
 E = Non-spawn monster count
 F = Spawn count percentage of total count
 G = Total turns spent on level
                    A         B        C        D         E        F      G
               +---------+---------+-------+---------+---------+-------+---------
         Total |       0 |    5328 |   0.0 |       0 |     145 |   0.0 |  6871
               +---------+---------+-------+---------+---------+-------+---------
           D:1 |       0 |      37 |   0.0 |       0 |      21 |   0.0 |  1124
           D:2 |       0 |      39 |   0.0 |       0 |       9 |   0.0 |   793
           D:3 |       0 |     456 |   0.0 |       0 |      27 |   0.0 |  1399
           D:4 |       0 |     272 |   0.0 |       0 |      15 |   0.0 |   904
           D:5 |       0 |     461 |   0.0 |       0 |      16 |   0.0 |   873
           D:6 |       0 |     856 |   0.0 |       0 |      22 |   0.0 |   852
           D:7 |       0 |    3207 |   0.0 |       0 |      35 |   0.0 |   926
               +---------+---------+-------+---------+---------+-------+---------
